 Dungeon Crawl Stone Soup version 0.32-a0-543-gefe97123c3 (webtiles) character file.

Game seed: 7210693963556629844

1677144 1b1w the Slayer (level 27, 295/295 HPs)
             Began as an Octopode Wanderer on Feb 29, 2024.
             Was the Champion of Beogh.
             Escaped with the Orb
             ... and 3 runes!
             The game lasted 02:40:20 (69004 turns).

1b1w the Slayer (Octopode Wanderer)                Turns: 69004, Time: 02:40:21

Health: 295/295    AC: 30    Str: 17    XL:     27
Magic:  46/46      EV: 45    Int: 26    God:    Beogh [******]
Gold:   339        SH: 24    Dex: 41    Spells: 4/44 levels left

rFire   + + .        G - +7 demon trident (freeze)
rCold   + . .        E - +5 kite shield {rF+}
rNeg    + + .        P - +3 hat of Pondering {ponderous, Will+ MP+10 Int+5}
rPois   ∞            c - amulet of regeneration
rElec   +            L - +6 ring of dexterity
rCorr   .            x - ring of Vyedo {Will+ Slay+5}
SInv    .            C - ring "Osuof" {rF+ rN+ Will+}
Will    +++++        Q - ring of protection from cold
Stlth   ++           k - +6 ring of dexterity
HPRegen 1.49/turn    d - +6 ring of dexterity
MPRegen 0.30/turn    B - +6 ring of dexterity
                     u - +6 ring of dexterity

%: no passive effects
@: statue-form, very slow
A: slow and powerful, torment resistance 1, boosted hp, walk on water, almost no
armour, amphibious, 8 rings, camouflage 2, (gelatinous body 1), (nimble swimmer
1), tentacles, (iridescent scales 1), clumsy 1, robust 1, inability to read
after injury 1
0: Orb of Zot
}: 3/15 runes: decaying, serpentine, slimy
a: Begin Untransformation, Renounce Religion, Smiting, Recall Apostles, Blood
for Blood, Dismiss Jorge, warrior, Dismiss Gorm, priest, Dismiss Hawl, warrior


You escaped.
You worshipped Beogh.
Beogh was exalted by your worship.
You were a living statue of rough stone.
You visited 11 branches of the dungeon, and saw 54 of its levels.
You visited the Abyss 1 time.
You visited 1 bazaar.
You also visited: Ossuary, Bailey and Gauntlet.

You collected 8275 gold pieces.
You spent 7936 gold pieces at shops.

Inventory:

Hand Weapons
 v - a +3 antimagic trident
 G - a +7 demon trident of freezing (weapon)
 H - the +12 hand axe of Cheibriados's Scorn {elec, Fly rElec Str+3}
   (You found it on level 2 of the Snake Pit)

   Str+3:     It affects your strength (+3).
   rElec:     It insulates you from electricity.
   Fly:       It grants you flight.
Missiles
 f - a throwing net {!f}
Armour
 E - a +5 kite shield of fire resistance (worn)
 P - the +3 hat of Pondering (worn) {ponderous, Will+ MP+10 Int+5}
   (You bought it in a shop on level 1 of the Depths)

   Int+5:     It affects your intelligence (+5).
   Will+:     It increases your willpower.
   MP+10:     It affects your magic capacity (+10).
Jewellery
 a - a +4 ring of protection
 c - an amulet of regeneration (around mantle)
 d - a +6 ring of dexterity (on tentacle)
 k - a +6 ring of dexterity (on tentacle)
 n - a ring of resist corrosion
 q - a ring of wizardry
 s - a ring of protection from fire
 u - a +6 ring of dexterity (on tentacle)
 x - the ring of Vyedo (right tentacle) {Will+ Slay+5}
   (You bought it in a shop on level 3 of the Depths)

   [ring of willpower]

   Slay+5:    It affects your accuracy & damage with ranged weapons and melee
   (+5).
   Will+:     It increases your willpower.
 y - a +6 ring of dexterity
 B - a +6 ring of dexterity (on tentacle)
 C - the ring "Osuof" (on tentacle) {rF+ rN+ Will+}
   (You bought it in a shop on level 3 of the Depths)

   [ring of protection from fire]

   rF+:       It protects you from fire.
   rN+:       It protects you from negative energy.
   Will+:     It increases your willpower.
 D - a ring of resist corrosion
 J - the ring of Awe {Fly rN++ Will+ Dex-5}
   (You took it off a deep elf demonologist on level 3 of the Elven Halls)

   [ring of willpower]

   Dex-5:     It affects your dexterity (-5).
   rN++:      It greatly protects you from negative energy.
   Will+:     It increases your willpower.
   Fly:       It grants you flight.
 L - a +6 ring of dexterity (left tentacle)
 M - a ring of see invisible
 Q - a ring of protection from cold (on tentacle)
 R - the ring of Circularity {+Blink rElec rPois rF+}
   (You found it on level 5 of the Pits of Slime)

   [ring of protection from fire]

   rF+:       It protects you from fire.
   rElec:     It insulates you from electricity.
   rPois:     It protects you from poison +Blink: It lets you blink.
 X - a +6 ring of strength
 Z - a ring of wizardry
Talismans
 O - a granite talisman (active)
Wands
 l - a wand of digging (15) {@v3}
 A - a wand of charming (59)
 S - a wand of warping (57)
 T - a wand of light (20)
Scrolls
 g - 16 scrolls of teleportation {@r3}
 j - 8 scrolls of blinking {@r4}
 m - 2 scrolls of butterflies
 o - 2 scrolls of fear
 t - 12 scrolls of fog
 F - a scroll of silence
 K - a scroll of enchant armour
 V - a scroll of revelation
Potions
 b - 3 potions of lignification
 e - 21 potions of curing {@q1}
 h - 3 potions of resistance {@q5}
 p - 5 potions of enlightenment
 z - a potion of invisibility
 I - 6 potions of cancellation
 N - 5 potions of magic
 U - 15 potions of heal wounds {@q2}
 W - 3 potions of might {@q3}
 Y - 7 potions of haste {@q4}
Miscellaneous
 i - a lightning rod (4/4)
 r - a phial of floods
 w - a box of beasts


   Skills:
 - Level 22.0 Fighting
 - Level 0.1(13.6) Axes
 - Level 3.4 Maces & Flails
 + Level 20.4 Polearms
 - Level 21.0 Dodging
 - Level 2.6 Stealth
 - Level 15.0 Shields
 - Level 9.0 Spellcasting
 - Level 1.0 Conjurations
 - Level 6.0 Hexes
 - Level 17.0 Summonings
 - Level 9.0 Translocations
 - Level 6.0 Ice Magic
 - Level 5.0 Air Magic
 - Level 9.7 Invocations
 - Level 12.0 Evocations
 - Level 16.0 Shapeshifting


You had 4 spell levels left.
You knew the following spells:

 Your Spells              Type           Power      Damage    Failure   Level
a - Vhi's Electric Charg  Tloc/Air       96%        N/A       4%          4
b - Ozocubu's Armour      Ice            42%        N/A       2%          3
c - Manifold Assault      Tloc           56%        N/A       1%          4
d - Summon Ice Beast      Ice/Summ       64%        N/A       1%          3
e - Blink                 Tloc           100%       N/A       1%          2
f - Summon Mana Viper     Hex/Summ       64%        N/A       1%          5
g - Passage of Golubria   Tloc           56%        N/A       1%          4
h - Lesser Beckoning      Tloc           100%       N/A       1%          2
i - Monstrous Menagerie   Summ           39%        N/A       7%          7
j - Apportation           Tloc           100%       N/A       1%          1
k - Summon Forest         Summ/Tloc      34%        N/A       1%          5

Your spell library contained the following spells:

 Spells                   Type           Power      Damage    Failure   Level
 Summon Small Mammal      Summ           100%       N/A       0%          1
 Call Imp                 Summ           100%       N/A       0%          2
 Freeze                   Ice            100%       1d10      1%          1
 Slow                     Hex            100%       N/A       1%          1
 Ensorcelled Hibernation  Hex/Ice        84%        N/A       1%          2
 Jinxbite                 Hex            84%        N/A       1%          2
 Momentum Strike          Conj/Tloc      74%        3d10      1%          2
 Call Canine Familiar     Summ           79%        N/A       1%          3
 Summon Lightning Spire   Summ/Air       62%        N/A       1%          4
 Confusing Touch          Hex            42%        N/A       2%          3
 Frozen Ramparts          Ice            84%        1d13      2%          3
 Sigil of Binding         Hex            42%        N/A       2%          3
 Tukima's Dance           Hex            42%        N/A       2%          3
 Martyr's Knell           Necr/Summ      54%        N/A       2%          4
 Summon Blazeheart Golem  Fire/Summ      54%        N/A       2%          4
 Static Discharge         Conj/Air       54%        3-6/arc   3%          2
 Dimensional Bullseye     Hex/Tloc       25%        N/A       3%          4
 Volatile Blastmotes      Fire/Tloc      70%        2d15      4%          3
 Magic Dart               Conj           64%        1d6       5%          1
 Hailstorm                Conj/Ice       29%        3d8       6%          3
 Sting                    Conj/Alch      56%        1d6       7%          1
 Inner Flame              Hex/Fire       27%        N/A       8%          3
 Necrotise                Necr           44%        1d6       9%          1
 Searing Ray              Conj           32%        2d5       9%          2
 Airstrike                Air            18%        2d(3-19)  11%         4
 Iskenderun's Mystic Bla  Conj/Tloc      37%        2d9       11%         4
 Anguish                  Hex/Necr       13%        N/A       24%         4
 Fugue of the Fallen      Necr           11%        N/A       26%         3
 Vampiric Draining        Necr           11%        2d6       26%         3
 Fulminant Prism          Conj/Alch      7%         3d7       56%         4
 Animate Dead             Necr           11%        N/A       63%         4
 Ignite Poison            Fire/Alch      11%        N/A       63%         4
 Leda's Liquefaction      Alch/Erth      5%         N/A       63%         4
 Olgreb's Toxic Radiance  Alch           11%        N/A       63%         4
 Petrify                  Alch/Erth      11%        N/A       63%         4
 Summon Hydra             Summ           39%        N/A       7%          7
 Metabolic Englaciation   Hex/Ice        21%        N/A       21%         5
 Arcjolt                  Conj/Air       13%        1d23      56%         5
 Yara's Violent Unravell  Hex/Alch       13%        3d7       56%         5
 Iskenderun's Battlesphe  Conj           16%        2d7       83%         5
 Spellforged Servitor     Conj/Summ      27%        N/A       87%         7
 Irradiate                Conj/Alch      7%         3d14      88%         5
 Haunt                    Necr/Summ      27%        N/A       91%         7
 Alistair's Intoxication  Alch           7%         N/A       93%         5
 Borgnjor's Vile Clutch   Necr/Erth      5%         N/A       93%         5
 Curse of Agony           Necr           11%        N/A       93%         5
 Conjure Ball Lightning   Conj/Air       13%        3x3d6     98%         6
 Sculpt Simulacrum        Ice/Alch       13%        N/A       98%         6
 Plasma Beam              Fire/Air       12%        2x1d23    99%         6
 Ozocubu's Refrigeration  Ice            21%        4d12      99%         7
 Bombard                  Conj/Erth      7%         9d2       100%        6
 Death Channel            Necr           5%         N/A       100%        6
 Eringya's Noxious Bog    Alch           5%         4d6       100%        6
 Starburst                Conj/Fire      7%         6d4       100%        6
 Borgnjor's Revivificati  Necr           5%         N/A       100%        8
 Discord                  Hex            21%        N/A       100%        8
 Disjunction              Tloc           28%        N/A       100%        8
 Ignition                 Fire           5%         3d4       100%        8
 Maxwell's Capacitive Co  Air            18%        ∞         100%        8
 Chain Lightning          Conj/Air       13%        3d18      100%        9
 Death's Door             Necr           5%         N/A       100%        9
 Fire Storm               Conj/Fire      7%         8d2       100%        9
 Polar Vortex             Ice            21%        12d2*     100%        9
 Shatter                  Erth           5%         3d8*      100%        9
 Sublimation of Blood     Necr           Unusable   N/A       N/A         2

Dungeon Overview and Level Annotations

Branches:
Dungeon (15/15)            Temple (0/1) D:5            Lair (5/5) D:11
  Swamp (4/4) Lair:3        Snake (4/4) Lair:2        Slime (5/5) Lair:5
    Orc (2/2) D:9             Elf (3/3) Orc:2        Vaults (4/5) D:13
  Crypt (3/3) Vaults:3       Tomb (0/3) Crypt:3      Depths (4/4) D:15
    Zot (5/5) Depths:4    Ossuary (visited)          Bailey (visited)
Gauntlet (visited)

Altars:
Dithmenos
Elyvilon
Gozag
Kikubaaqudgha
Nemelex Xobeh
Okawaru
Qazlal
Sif Muna
Trog
Uskayaw
Zin
The Shining One
Jiyva
Lugonu

Shops:
D:11 [   Orc:2 ?[=**   Snake:4 *   Vaults:1 *   Vaults:3 =:[!!   Depths:1 (([[*
Depths:2 =:=   Depths:3 =

Portals:
Hell: Depths:2 Depths:3 Depths:4
Abyss: D:8 Depths:3
Pandemonium: Depths:2 Depths:3 Depths:4
Ziggurat: Depths:1

Annotations:
Depths:1 1 exclusion
Zot:1 4 transporters, exclusion: orb of fire
Zot:2 1 transporter, Calu's ghost, legendary KoHu; Uqizxu's ghost, master OnFi


Innate Abilities, Weirdness & Mutations

You are a living statue of rough stone.
Your actions are slow, but your melee attacks are powerful.
You are resistant to unholy torment.
Your maximum health is greatly increased.
You can walk on water.
Your facial features are unmistakably orcish.
You cannot wear most types of armour.
You are amphibious.
You can wear up to eight rings at the same time.
You are immune to poison.
Your skin blends seamlessly with your surroundings (Stealth++).
((Your rubbery body absorbs attacks. (AC +1, EV +1)))
((You are camouflaged when in or above water. (Stealth+)))
You have tentacles for arms and can constrict up to eight enemies at once.
((You are partially covered in iridescent scales. (AC +2)))
You are clumsy. (Dex -2)
You are robust. (+10% HP)
You occasionally lose the ability to read scrolls when taking damage.


Message History

Unknown command.
You impale the Brimstone Fiend!! You freeze the Brimstone Fiend.
The Brimstone Fiend completely misses you.
You block the Brimstone Fiend's attack.
The Brimstone Fiend completely misses you.
You puncture the Brimstone Fiend! You freeze the Brimstone Fiend!
Your mana viper completely misses the Brimstone Fiend.
The Brimstone Fiend hits you but does no damage.
You block the Brimstone Fiend's attack.
The Brimstone Fiend completely misses you.
Your mana viper bites the Brimstone Fiend!
The Brimstone Fiend's magic leaks into the air.
You puncture the Brimstone Fiend! You freeze the Brimstone Fiend.
You squeeze the Brimstone Fiend.
Your mana viper bites the Brimstone Fiend!
The Brimstone Fiend's magic leaks into the air.
The Brimstone Fiend barely misses your mana viper.
The Brimstone Fiend misses your mana viper.
The Brimstone Fiend barely misses your mana viper.
You hit the Brimstone Fiend but do no damage.
Your squeeze misses the Brimstone Fiend.
Your mana viper bites the Brimstone Fiend.
The Brimstone Fiend's magic leaks into the air.
The Brimstone Fiend hits you but does no damage.
You block the Brimstone Fiend's attack. x2
Your mana viper barely misses the Brimstone Fiend.
You impale the Brimstone Fiend!! You freeze the Brimstone Fiend!
You kill the Brimstone Fiend!
Beogh accepts your kill.
There is a stone staircase leading up here.
You climb upwards.
Your summoned ally is left behind.
There is a stone staircase leading down here.
Magic restored.
You see here a rat skeleton.
You see here 5 stones.
There is a large open door here.
There is a large open door here.
There is a large open door here.
There is a staircase leading out of the dungeon here.
You have escaped!

.###..#......÷.......####### ##
......###.####.............#####.
####..# #.# #.....#.............
......# #.# #..#.#(.#####.#####.
.####.###.# #[.###### #.# ##
..........# #..####### #.# #
.#####.#..####..##....# #.# # .#
#.#.......###.≈≈.####.# ## ##
#.#.#####.#I'§§§.'.'..# #. #.#.#
#.#.'§≈§.'.'..# ###.
#########.###§§§.####.# #..#
#....ß.....##....##...# #..#
#.⌠ß.......########.### #..#
#.ß####....# #.# ###.
######..#.#####.# #.# #.
.....#..#.#####.#### #.# ##
######..#.##.......#####.# #


There were no monsters in sight!

Vanquished Creatures
  the Royal Jelly (Slime:5)
  2 dread liches
  7 orbs of fire
  A juggernaut (Depths:2)
  Xtahua (Crypt:1)
  3 Killer Klowns (Zot:5)
  Boris (Crypt:1)
  2 curse toes (Zot:4)
  A caustic shrike (Depths:1)
  7 golden dragons
  Nikola (Snake:2)
  2 pearl dragons (Depths:3)
  A Tzitzimitl (Zot:2)
  A Brimstone Fiend (D:2)
  A shard shrike zombie (Crypt:2)
  3 electric golems
  2 liches
  2 walking earthen tomes
  10 tentacled monstrosities
  2 Ice Fiends
  2 deep elf blademasters (Elf:3)
  A walking divine tome (Depths:2)
  2 deep elf master archers (Elf:3)
  20 Orb Guardians
  A walking frostbound tome (Depths:1)
  7 quicksilver dragons
  5 sphinxes
  10 ancient champions
  The ghost of Paylapli the Earth Mage, an adept GrEE of Vehumet (Snake:4)
  15 acid blobs
  5 shadow dragons
  5 death cobs
  2 tengu reavers
  Aizul (Snake:2)
  6 storm dragons
  2 thorn hunters
  4 revenants
  A protean progenitor (Zot:3)
  5 nagarajas
  6 draconian monks
  10 rockslimes (Slime:5)
  4 fire giants
  9 frost giants
  3 deep elf sorcerers (Elf:3)
  3 azure jellies (Slime:5)
  3 draconian knights
  An iron dragon (Depths:3)
  4 ghouls
  5 draconian scorchers
  7 draconian shifters
  8 vault wardens
  2 deep elf elementalists (Elf:3)
  2 angels
  2 caustic shrike skeletons (Crypt:3)
  3 draconian stormcallers (Zot:1)
  A ghost moth (Zot:2)
  3 curse skulls (Crypt:1)
  3 reapers
  6 draconian annihilators
  3 formless jellyfish
  12 very ugly things
  8 quicksilver oozes
  4 ironbound thunderhulks
  2 apis (Depths:3)
  6 vampire knights
  2 ophanim (Depths:3)
  9 ironbound preservers
  9 stone giants
  8 deep elf death magi
  7 black draconians
  7 green draconians
  9 deep elf demonologists (Elf:3)
  3 eleionomae
  8 purple draconians
  A minotaur (Gauntlet)
  3 dire elephants
  12 white draconians
  2 war gargoyles (Vaults:4)
  10 red draconians
  7 deep elf annihilators
  3 eidola
  8 yellow draconians
  9 ettins
  3 bunyips
  A merfolk impaler (D:15)
  A blizzard demon (D:5)
  Snorg (Lair:5)
  An acid blob zombie (Crypt:3)
  2 mummy priests (Crypt:2)
  2 crystal guardians
  2 deep elf high priests (Elf:3)
  10 jiangshi
  Fannar (D:10)
  3 fire dragons
  3 yaktaur captains
  An entropy weaver (Vaults:4)
  5 great orbs of eyes
  An ogre mage (Vaults:4)
  A spriggan zombie (Crypt:2)
  4 vault guards
  2 ghost crabs (Swamp:4)
  4 peacekeepers
  2 rakshasas
  An orc apostle (Lair:5)
  6 salamander tyrants
  6 ice dragons
  11 hydras
  A spriggan air mage (Depths:1)
  3 spriggan skeletons
  11 ironbound frosthearts
  The ghost of GordonOverkill the Thaumaturge, a journeyman SpDe of Sif Muna (Lair:2)
  3 centaur warriors
  7 alligators
  A death scarab (Gauntlet)
  6 two-headed ogres
  2 boulder beetles
  2 catoblepae
  A two-headed ogre (shapeshifter) (Depths:2)
  6 anacondas
  21 dancing weapons
  3 deep troll shamans (Depths:2)
  4 spriggan berserkers
  3 death yaks (Lair:5)
  2 tengu warriors
  Urug (Lair:1)
  10 naga warriors
  8 shock serpents
  5 vampire magi
  An orc high priest (Vaults:3)
  15 naga sharpshooters
  A hell hog (Gauntlet)
  3 occultists
  4 soul eaters
  4 iron trolls
  14 deep elf knights
  14 hell knights
  7 salamander mystics
  A shadow wraith (Crypt:2)
  18 spriggans
  A spectral spark wasp (Depths:2)
  2 titan skeletons (Crypt:3)
  13 mana vipers
  2 sea snakes (Snake:3)
  15 skeletal warriors
  A storm dragon skeleton (Crypt:3)
  2 goliath frogs
  6 spriggan druids
  11 swamp dragons
  6 flayed ghosts
  8 naga ritualists
  7 arcanists
  40 deep trolls
  6 phantasmal warriors
  17 deep elf archers
  4 glowing orange brains
  15 ironbound convokers
  8 lindwurms
  8 bog bodies
  A bunyip skeleton (Crypt:3)
  26 deep elf pyromancers
  6 necromancers
  15 ugly things
  An alligator zombie (Crypt:1)
  5 harpies (Vaults:3)
  An eleionoma zombie (Crypt:2)
  19 deep elf zephyrmancers
  6 orc knights
  2 manticores
  An oklob plant (Gauntlet)
  A shining eye (shapeshifter) (Depths:2)
  2 will-o-the-wisps
  5 orc sorcerers
  A cyclops (D:15)
  2 kobold blastminers (Orc:2)
  13 moths of wrath
  An ice statue (Zot:1)
  28 black mambas
  A jorogumo skeleton (Crypt:1)
  A stone giant skeleton (Crypt:3)
  18 salamanders
  A guardian serpent (Snake:2)
  2 rust devils
  15 elephants
  10 vault sentinels
  A formless jellyfish zombie (Crypt:3)
  A water nymph (shapeshifter) (D:15)
  4 eyes of devastation (Slime:5)
  14 naga magi
  Maggie (D:6)
  9 cane toads
  2 smoke demons
  2 centaur skeletons
  A mana viper skeleton (Crypt:2)
  5 orange demons
  A naga skeleton (Crypt:3)
  Jeremiah (D:7)
  3 kobold demonologists
  8 komodo dragons
  2 tengu conjurers
  A black draconian skeleton (Crypt:2)
  19 yaktaurs
  An efreet (D:13)
  A pale draconian skeleton (Crypt:1)
  A rime drake (Lair:1)
  A harpy zombie (Crypt:3)
  An ice devil (Zot:2)
  3 freezing wraiths
  2 red devils
  3 bloated husks
  A hellwing (Lair:5)
  5 polar bears
  2 trolls
  An ice dragon zombie (Crypt:2)
  A hydra skeleton (Crypt:3)
  4 harpy skeletons (Crypt:3)
  A blink frog (shapeshifter) (D:14)
  Prince Ribbit (Bailey)
  A raiju (Swamp:4)
  6 tyrant leeches
  15 blink frogs
  4 dream sheep
  A tarantella (shapeshifter) (Vaults:1)
  6 glass eyes
  11 hornets
  A fire dragon zombie (Crypt:1)
  65 slime creatures
  A jumping spider (Vaults:3)
  Sigmund (D:2)
  4 air elementals
  A guardian serpent skeleton (Crypt:3)
  3 fire elementals
  4 wraiths
  A spriggan (shapeshifter) (D:14)
  2 centaur simulacra
  3 humans (Bailey)
  2 fire bats (Gauntlet)
  5 wyverns
  A shadow (D:12)
  3 water elementals
  31 yaks
  6 basilisks
  2 hogs
  A black mamba skeleton (Crypt:3)
  2 vampires
  3 golden eyes
  A warg (Orc:1)
  A steam dragon (D:7)
  7 redbacks
  Grum (D:8)
  A chaos spawn (D:4)
  A water nymph zombie (Crypt:1)
  7 vampire mosquitoes
  Menkaure (Ossuary)
  11 swamp worms
  19 nagas
  Edmund (D:6)
  9 water moccasins
  Duvessa (D:6)
  2 hell hounds (Gauntlet)
  A two-headed ogre skeleton (Crypt:2)
  A swamp drake (Swamp:4)
  5 orc warriors
  2 sky beasts (D:7)
  A water nymph skeleton (Crypt:1)
  An ice beast (D:8)
  4 black bears
  A lindwurm zombie (Crypt:1)
  6 laughing skulls
  7 ogres
  18 wolves
  2 boggarts
  2 elephant skeletons (Crypt:3)
  A phantom (D:4)
  7 centaurs
  5 kobold brigands
  A hog skeleton (Crypt:3)
  A vine stalker zombie (Crypt:1)
  An elf zombie (Ossuary)
  15 bullfrogs
  A scorpion (D:7)
  A komodo dragon skeleton (Crypt:2)
  A warg zombie (Crypt:3)
  4 earth elementals
  A naga simulacrum (Crypt:2)
  23 wights
  Dowan (D:6)
  5 killer bees (D:10)
  2 nameless horrors
  8 howler monkeys
  An electric eel (Snake:3)
  A bombardier beetle (D:4)
  A hound (D:6)
  A gnoll bouda (D:7)
  15 jellies
  2 orc priests
  4 iguanas
  7 orc wizards
  An ogre zombie (Ossuary)
  A deep dwarf skeleton (Crypt:1)
  7 mummies
  10 gnolls
  4 adders
  A shadow imp (D:5)
  2 white imps
  4 ufetubi (D:6)
  An adder zombie (Ossuary)
  3 dart slugs
  16 orcs
  5 ball pythons
  9 endoplasms
  4 giant cockroaches
  A gnoll zombie (Crypt:3)
  13 goblins
  16 hobgoblins
  3 jackals (D:3)
  15 kobolds
  3 quokkas
  A ball python zombie (Crypt:1)
  2 bats (D:1)
  3 goblin zombies (Ossuary)
  7 hobgoblin zombies (Ossuary)
  6 kobold zombies (Ossuary)
  2 orc zombies (D:5)
  3 quokka zombies (Ossuary)
  9 rats
  4 rat zombies (Ossuary)
1666 creatures vanquished.

Vanquished Creatures (collateral kills)
  A dread lich (Zot:5)
  Frederick (Depths:4)
  An ancient lich (Zot:5)
  An orb of fire (Zot:5)
  Bai Suzhen (Vaults:2)
  Boris (Depths:4)
  4 golden dragons
  A bone dragon (Crypt:3)
  2 tentacled monstrosities
  A Hell Sentinel (Zot:3)
  8 Orb Guardians (Zot:5)
  A deep elf blademaster (Elf:2)
  2 liches (Depths:2)
  A quicksilver dragon (Zot:4)
  3 acid blobs
  A sphinx (Vaults:3)
  An ancient champion (Crypt:2)
  A death cob (Zot:4)
  Frances (Snake:2)
  A storm dragon (Depths:4)
  A shadow dragon (Depths:2)
  2 rockslimes
  A revenant (Vaults:3)
  A protean progenitor (Zot:3)
  3 fire giants
  Kirke (D:13)
  A draconian scorcher (Zot:1)
  Louise (Swamp:2)
  A balrug (Depths:2)
  5 vault wardens
  A draconian shifter (Depths:4)
  2 cacodemons
  A draconian stormcaller (Zot:2)
  A ghoul (Crypt:2)
  5 ironbound preservers
  2 spriggan defenders (Depths:4)
  3 formless jellyfish
  4 orc warlords
  A shard shrike simulacrum (Crypt:3)
  2 stone giants
  A quicksilver ooze (Slime:3)
  A caustic shrike skeleton (Crypt:3)
  A demonspawn blood saint (D:5)
  2 ironbound thunderhulks (Vaults:2)
  2 very ugly things (Depths:4)
  3 black draconians
  A green draconian (Depths:4)
  2 red draconians (Zot:1)
  2 deep elf death magi (Crypt:2)
  A dire elephant (Swamp:4)
  8 vampire knights
  An eleionoma (Swamp:2)
  2 white draconians
  A yellow draconian (Zot:1)
  The ghost of Sacsyrch the Brawler, a journeyman DrMo of Yredelemnul (D:15)
  A bunyip (Swamp:3)
  3 purple draconians
  A merfolk javelineer (D:15)
  3 jiangshi
  2 entropy weavers
  2 ettins
  7 eidola
  A merfolk impaler (Depths:1)
  A shambling mangrove (Swamp:3)
  4 fire dragons
  4 yaktaur captains
  10 hydras
  A great orb of eyes (Slime:4)
  5 vault guards
  2 hell beasts
  A rakshasa (Depths:2)
  An ice dragon (Depths:1)
  2 centaur warriors
  2 spriggan air magi
  4 alligators
  A catoblepas (D:14)
  A boulder beetle (Lair:5)
  A spriggan skeleton (Crypt:3)
  4 ironbound frosthearts
  3 anacondas
  A death knight (Crypt:2)
  4 deep troll shamans
  5 dancing weapons (Elf:2)
  5 tengu warriors
  A spriggan berserker (Depths:2)
  2 deep troll earth magi
  A titan zombie (Crypt:3)
  2 vampire magi
  A naga sharpshooter (Snake:3)
  2 naga warriors
  A soul eater (Depths:1)
  A hell knight (Depths:1)
  A deep elf knight (Elf:2)
  2 shadow wraiths
  A skyshark (shapeshifter) (Depths:2)
  Amaemon (Lair:2)
  6 skeletal warriors
  3 sixfirhies (Zot:2)
  2 iron trolls
  2 titan skeletons (Crypt:3)
  20 deep trolls
  A salamander mystic (Snake:4)
  5 goliath frogs
  An obsidian statue (Snake:4)
  4 swamp dragons
  2 mana vipers (Snake:3)
  A mana viper (shapeshifter) (Depths:2)
  5 ironbound convokers
  A naga ritualist (Snake:4)
  An anaconda skeleton (Crypt:3)
  A bog body (Swamp:3)
  A deep elf archer (Swamp:4)
  3 lindwurms
  3 necromancers
  5 deep elf pyromancers
  7 orc knights
  4 phantasmal warriors
  5 cyclopes
  3 deep elf zephyrmancers
  An orc sorcerer (Orc:2)
  3 ugly things
  A moth of wrath (Zot:1)
  2 will-o-the-wisps
  A shining eye (shapeshifter) (Vaults:4)
  3 shining eyes
  A guardian serpent (Snake:4)
  6 kobold blastminers (Orc:2)
  7 salamanders
  4 elephants
  A torpor snail (Lair:5)
  A rust devil (Lair:3)
  Joseph (D:7)
  12 black mambas
  An alligator snapping turtle zombie (Crypt:2)
  3 orange demons
  6 naga magi
  6 vault sentinels
  A cane toad (Lair:3)
  An alligator snapping turtle skeleton (Crypt:3)
  3 freezing wraiths
  6 komodo dragons
  8 yaktaurs
  A tormentor (Depths:4)
  2 red devils (D:14)
  2 trolls (Orc:2)
  11 hornets
  A merfolk (shapeshifter) (Depths:1)
  A great orb of eyes zombie (Crypt:2)
  2 hellwings (Swamp:2)
  3 polar bears (Lair:5)
  A bloated husk (Swamp:3)
  7 tyrant leeches
  A dream sheep (Lair:5)
  A glass eye (Slime:4)
  2 blink frogs (Lair:5)
  An air elemental (Elf:1)
  A culicivora (Vaults:4)
  25 slime creatures
  A spectral black mamba (Gauntlet)
  2 ettin skeletons (Crypt:3)
  A shadow (D:11)
  14 spriggans
  2 water elementals (Depths:1)
  A fire bat (Gauntlet)
  A wyvern (D:11)
  3 hogs (D:13)
  24 yaks
  A golden eye (Slime:4)
  A warg (Orc:1)
  A basilisk (Lair:1)
  5 vampire mosquitoes
  2 neqoxecs (Gauntlet)
  3 redbacks
  13 nagas
  6 swamp worms
  An acid dragon (Gauntlet)
  2 swamp drakes (Swamp:4)
  5 water moccasins
  5 orc warriors
  3 black bears
  5 laughing skulls
  3 boggarts
  10 wolves
  8 centaurs
  A phantom (D:6)
  A nameless horror (Snake:3)
  A kobold brigand (D:9)
  6 bullfrogs
  6 wights
  A killer bee (D:10)
  2 electric eels (Snake:3)
  A centaur zombie (Ossuary)
  2 jellies (Lair:5)
  3 orc priests
  2 orc wizards
  3 ogre zombies (Ossuary)
  Robin (D:4)
  3 gnolls
  A white imp (Lair:3)
  4 orcs
  A ball python (D:4)
  3 goblins (D:4)
  2 hobgoblins (D:4)
  5 kobolds (D:9)
  A rat skeleton (Crypt:2)
  An aspiring flesh (Zot:3)
  5 foxfires
606 creatures vanquished.

Vanquished Creatures (others)
  A draconian knight (Zot:3)
  A draconian scorcher (Depths:4)
  2 orc warlords
  An ettin (Slime:4)
  6 orc high priests
  An occultist (Depths:2)
  45 orc apostles
  5 orc knights
  A kobold blastminer (Orc:2)
  A hornet (D:7)
  A water moccasin (D:7)
  16 orc warriors
  An ogre (Orc:1)
  A centaur (Orc:2)
  A phantom (D:7)
  24 orc priests
  2 gnolls
  41 orcs
  175 foxfires
326 creatures vanquished.

Grand Total: 2598 creatures vanquished

Notes
Turn   | Place    | Note
-------+----------+-------------------------------------------
     0 | D:1      | 1b1w the Octopode Wanderer began the quest for the Orb.
     0 | D:1      | 1b1w set off with the following items: a +0 dagger, an
                  | atropa-tipped dart, 2 datura-tipped darts, a wand of flame
                  | (7), a potion of curing {@q1}; and the following spells
                  | available to memorise: Lesser Beckoning, Momentum Strike.
     0 | D:1      | Reached XP level 1. HP: 11/11 MP: 2/2
   160 | D:1      | Reached skill level 1 in Fighting
   172 | D:1      | Reached XP level 2. HP: 12/18 MP: 3/3
   442 | D:1      | Learned a level 1 spell: Summon Small Mammal
   568 | D:1      | Reached skill level 2 in Fighting
   573 | D:1      | Reached XP level 3. HP: 19/24 MP: 4/4
   577 | D:1      | Learned a level 3 spell: Call Canine Familiar
   927 | D:2      | Noticed Sigmund
  1010 | D:2      | Reached skill level 1 in Summonings
  1294 | D:3      | Reached XP level 4. HP: 23/29 MP: 5/5
  1886 | D:4      | Noticed a black bear
  2087 | D:3      | Became a worshipper of Beogh the Shepherd
  2746 | D:3      | Reached XP level 5. HP: 34/34 MP: 7/7
  3211 | D:2      | Killed Sigmund
  3212 | D:2      | Reached XP level 6. HP: 39/39 MP: 5/9
  3734 | D:4      | Noticed Robin
  3744 | D:4      | Killed Robin
  3745 | D:4      | Reached skill level 5 in Summonings
  3851 | D:4      | Learned a level 2 spell: Momentum Strike
  3872 | D:4      | Reached XP level 7. HP: 10/45 MP: 8/10
  4031 | D:4      | Reached skill level 3 in Fighting
  4031 | D:4      | Reached skill level 1 in Conjurations
  4482 | D:4      | Learned a level 4 spell: Summon Blazeheart Golem
  4483 | D:5      | Entered Level 5 of the Dungeon
  4496 | D:5      | Reached * piety under Beogh
  4578 | D:5      | Found a staircase to the Ecumenical Temple.
  4624 | D:5      | Found a sand-covered staircase.
  4630 | Ossuary  | Entered an ossuary
  4850 | Ossuary  | Reached skill level 4 in Fighting
  5014 | Ossuary  | Reached XP level 8. HP: 49/54 MP: 7/11
  5055 | Ossuary  | Noticed Menkaure
  5083 | Ossuary  | Reached ** piety under Beogh
  5295 | Ossuary  | Killed Menkaure
  5296 | Ossuary  | Reached skill level 5 in Fighting
  5809 | D:5      | Reached skill level 5 in Dodging
  6389 | D:6      | Reached skill level 6 in Fighting
  6689 | D:6      | Noticed Maggie
  6939 | D:6      | Noticed Edmund
  6959 | D:6      | Killed Edmund
  6960 | D:6      | Reached skill level 1 in Maces & Flails
  6960 | D:6      | Reached XP level 9. HP: 53/63 MP: 7/12
  7067 | D:6      | Got the Quarto of Amorphous Frostbite
  7149 | D:6      | Noticed Duvessa
  7157 | D:6      | Killed Duvessa
  7272 | D:6      | Noticed Dowan
  7362 | D:7      | Learned a level 3 spell: Summon Ice Beast
  7376 | D:6      | Killed Dowan
  7377 | D:6      | Reached skill level 1 in Ice Magic
  7649 | D:7      | Noticed Jeremiah
  7653 | D:7      | Noticed a hornet
  7688 | D:7      | Reached *** piety under Beogh
  7690 | D:7      | Killed Jeremiah
  7690 | D:7      | Noticed Joseph
  7701 | D:7      | Noticed Bogwik
  7731 | D:7      | Was placed under penance by Beogh
  7731 | D:7      | Killed Bogwik the orc apostle
  7731 | D:7      | Fled from a divine trial
  7988 | D:6      | Found a shimmering blue altar of Sif Muna.
  8117 | D:6      | Killed Maggie
  8118 | D:6      | Reached skill level 5 in Polearms
  8229 | D:7      | Killed Joseph
  8230 | D:7      | Reached XP level 10. HP: 49/69 MP: 4/13
  8538 | D:8      | Noticed Grum
  8549 | D:8      | Killed Grum
  8870 | D:8      | Reached skill level 7 in Fighting
  8905 | D:8      | Found a hide-covered altar of Uskayaw.
  8908 | D:8      | Found a bloodstained altar of Trog.
  8947 | D:8      | Noticed a brown ugly thing
  8948 | D:8      | Noticed a kobold demonologist
  8949 | D:8      | Found a one-way gate to the infinite horrors of the Abyss.
  8949 | D:8      | Noticed a kobold demonologist
  9029 | D:8      | Identified the +0 pair of gloves of Articulation {Int+6}
  9108 | D:8      | Found a shadowy altar of Dithmenos.
  9175 | D:8      | Was forgiven by Beogh
  9356 | D:8      | Found a large runed translucent door.
  9356 | D:8      | Found a large runed translucent door.
  9358 | D:8      | Found a corrupted altar of Lugonu.
  9360 | D:8      | Noticed a brown ugly thing
  9976 | D:8      | Learned a level 2 spell: Blink
  9992 | D:9      | Found a staircase to the Orcish Mines.
 10033 | D:9      | Found a flagged portal.
 10055 | Bailey   | Entered a bailey
 10283 | Bailey   | Reached skill level 8 in Fighting
 10445 | Bailey   | Noticed Prince Ribbit
 10445 | Bailey   | Noticed a vault guard
 10464 | Bailey   | Killed a vault guard
 10465 | Bailey   | Reached XP level 11. HP: 46/77 MP: 6/14
 10466 | Bailey   | Killed Prince Ribbit
 10627 | Bailey   | Noticed a vault guard
 10634 | Bailey   | Reached skill level 10 in Polearms
 10704 | Bailey   | Killed a vault guard
 10868 | D:9      | Noticed Olfik
 10889 | D:9      | Anointed Olfik the priest as your apostle
 11126 | D:9      | Noticed a two-headed ogre
 11138 | D:9      | Killed a two-headed ogre
 11148 | D:9      | Reached **** piety under Beogh
 11911 | D:9      | Found a shimmering blue altar of Sif Muna.
 12111 | D:10     | Entered Level 10 of the Dungeon
 12440 | D:10     | Reached skill level 5 in Evocations
 12553 | D:10     | Found a stormy altar of Qazlal.
 12600 | D:10     | Noticed Fannar
 12619 | D:10     | Killed Fannar
 12835 | D:11     | Found Awintuete's Armour Boutique.
 12999 | D:11     | Found a staircase to the Lair.
 13028 | D:11     | Reached XP level 12. HP: 46/84 MP: 9/15
 13056 | D:11     | Identified the +0 robe "Tavej" {rN+ Dex-4 SInv}
 13056 | D:11     | Noticed Herok
 13081 | D:11     | Anointed Herok the wizard as your apostle
 13387 | D:11     | You fall into a shaft and drop 3 floors!
 13620 | D:14     | Noticed a centaur warrior
 13631 | D:14     | Killed a centaur warrior
 13645 | D:14     | Noticed a centaur warrior
 13650 | D:14     | Killed a centaur warrior
 13650 | D:14     | Reached ***** piety under Beogh
 13651 | D:14     | Noticed a catoblepas
 13895 | D:14     | Reached skill level 9 in Fighting
 13976 | D:14     | Killed a catoblepas
 14328 | D:14     | Your ally Herok died
 14683 | D:13     | Noticed a two-headed ogre
 14690 | D:13     | Killed a two-headed ogre
 14691 | D:13     | Reached skill level 10 in Fighting
 14913 | D:13     | Noticed Nessos
 14914 | D:13     | Nessos changed into Nessos the dream sheep
 14914 | D:13     | Noticed Nessos
 14924 | D:13     | Noticed Kirke
 14926 | D:13     | Killed Nessos the dream sheep
 15437 | D:13     | Noticed a tengu warrior
 15449 | D:13     | Killed a tengu warrior
 15936 | D:11     | Noticed a two-headed ogre
 15948 | D:11     | Your ally Olfik died
 15949 | D:11     | Killed a two-headed ogre
 15950 | D:11     | Reached XP level 13. HP: 94/94 MP: 11/17
 16504 | Lair:1   | Entered Level 1 of the Lair of Beasts
 16609 | Lair:1   | Reached skill level 1 in Shields
 16613 | Lair:1   | Reached skill level 11 in Fighting
 17223 | Lair:1   | Noticed Urug
 17236 | Lair:1   | Killed Urug
 17670 | Lair:2   | Noticed Amaemon
 17683 | Lair:2   | Killed Amaemon
 17822 | Lair:2   | Found a runed translucent gate.
 17835 | Lair:2   | Found a runed translucent gate.
 17836 | Lair:2   | Found a runed translucent gate.
 17837 | Lair:2   | Noticed GordonOverkill's ghost (journeyman SpDe)
 17838 | Lair:2   | Noticed a great orb of eyes
 17884 | Lair:2   | Found a viscous altar of Jiyva.
 17884 | Lair:2   | Found the +10 zealot's sword {holy, Zealotry, *Rage rN+
                  | EV+3}
 17913 | Lair:2   | Reached skill level 5 in Shields
 18451 | Lair:2   | Found a staircase to the Snake Pit.
 19002 | Lair:2   | Learned a level 5 spell: Summon Mana Viper
 19279 | Lair:3   | Noticed Blodwig
 19293 | Lair:3   | Anointed Blodwig the wizard as your apostle
 19311 | Lair:3   | Reached skill level 12 in Fighting
 19333 | Lair:3   | Your ally Herok died
 19339 | Lair:3   | Your ally Blodwig died
 19348 | Lair:3   | Reached skill level 1 in Hexes
 19354 | Lair:3   | Reached XP level 14. HP: 53/103 MP: 12/19
 19536 | Lair:3   | Reached ****** piety under Beogh
 19759 | Lair:3   | Found a staircase to the Swamp.
 20995 | Lair:5   | Entered Level 5 of the Lair of Beasts
 21117 | Lair:5   | Reached skill level 13 in Fighting
 21166 | Lair:5   | Your ally Herok died
 21239 | Lair:5   | Noticed Snorg
 21254 | Lair:5   | Killed Snorg
 21418 | Lair:5   | Reached skill level 5 in Spellcasting
 21514 | Lair:5   | Found a staircase to the Slime Pits.
 21520 | Lair:5   | Found a viscous altar of Jiyva.
 21934 | Lair:5   | Reached skill level 5 in Hexes
 22051 | Lair:5   | Anointed Gorm the wizard as your apostle
 22128 | Lair:5   | Reached XP level 15. HP: 112/112 MP: 23/23
 22133 | Lair:5   | Reached skill level 14 in Fighting
 22499 | Lair:5   | Your ally Olfik died
 22503 | Lair:5   | Your ally Blodwig died
 22828 | Lair:5   | Reached skill level 10 in Summonings
 23131 | D:12     | Learned a level 4 spell: Passage of Golubria
 23931 | D:13     | Killed Kirke
 23942 | D:13     | Found a gate to the Vaults.
 24386 | D:15     | Entered Level 15 of the Dungeon
 24675 | D:15     | Found a staircase to the Depths.
 25009 | D:15     | Found a runed translucent gate.
 25311 | D:15     | Found a runed translucent gate.
 25312 | D:15     | Found a runed translucent gate.
 25313 | D:15     | Noticed Sacsyrch's ghost (journeyman DrMo)
 25314 | D:15     | Noticed an orc warlord
 25534 | D:15     | Found an iron altar of Okawaru.
 25751 | Orc:1    | Entered Level 1 of the Orcish Mines
 25779 | Orc:1    | Noticed an orc warlord
 25791 | Orc:1    | Killed an orc warlord
 26201 | Orc:2    | Entered Level 2 of the Orcish Mines
 26211 | Orc:2    | Your ally Blodwig died
 26235 | Orc:2    | Found Axoghox's Assorted Antiques.
 26256 | Orc:2    | Found a gate leading to a gauntlet.
 26268 | Orc:2    | Reached skill level 5 in Invocations
 26365 | Gauntlet | Entered a Gauntlet
 26365 | Gauntlet | Found a transporter.
 26375 | Gauntlet | Found a transporter.
 26377 | Gauntlet | Found a transporter.
 26378 | Gauntlet | Found a transporter.
 26386 | Gauntlet | Found a transporter.
 26389 | Gauntlet | Found a transporter.
 26390 | Gauntlet | Found a transporter.
 26394 | Gauntlet | Found a runed translucent door.
 26396 | Gauntlet | Noticed a cacodemon
 26398 | Gauntlet | Found a transporter.
 26401 | Gauntlet | Found a transporter.
 26402 | Gauntlet | Found a transporter.
 26406 | Gauntlet | Found a runed translucent door.
 26407 | Gauntlet | Found a runed translucent door.
 26408 | Gauntlet | Found a runed translucent door.
 26410 | Gauntlet | Found a transporter.
 26413 | Gauntlet | Found a transporter.
 26414 | Gauntlet | Found a transporter.
 26431 | Gauntlet | Found a transporter.
 26633 | Gauntlet | Reached XP level 16. HP: 88/119 MP: 20/25
 26750 | Gauntlet | Identified the +5 kite shield "Ukli" {Harm rElec rN+
                  | Stlth+}
 26751 | Gauntlet | Got the Reference Book on the Bloodied Coals
 26756 | Gauntlet | Identified the +0 scale mail of Valour {rC+ Str+2 Int+2}
 26967 | Orc:2    | Found a staircase to the Elven Halls.
 27103 | Orc:2    | Found Duczasmi's Jewellery Emporium.
 27103 | Orc:2    | Found Zomateit's Antique Armour Boutique.
 27105 | Orc:2    | Found Onustrare's Magic Scroll Shop.
 27107 | Orc:2    | Found Haex's Assorted Antiques.
 27119 | Orc:2    | Bought a potion of curing for 99 gold pieces
 27119 | Orc:2    | Bought a coral ring for 165 gold pieces
 27344 | Orc:2    | Bought a +5 ring of evasion for 576 gold pieces
 27346 | Orc:2    | Bought a +5 ring of evasion for 576 gold pieces
 27353 | Orc:2    | Learned a level 4 spell: Vhi's Electric Charge
 27356 | Orc:2    | Bought a scroll of teleportation for 45 gold pieces
 27397 | Elf:1    | Entered Level 1 of the Elven Halls
 27428 | Elf:1    | Paralysed by an air elemental for 1 turns
 27697 | Elf:1    | Identified the +0 robe of Aheomoel {Rampage rF+ Archmagi}
 27708 | Elf:1    | Your ally Gorm died
 27846 | Elf:1    | Your ally Blodwig died
 28632 | Elf:2    | Reached skill level 10 in Shields
 28642 | Elf:2    | Your ally Olfik died
 28656 | Elf:2    | Reached skill level 10 in Dodging
 28724 | Elf:2    | Found a huge runed translucent gate.
 28724 | Elf:2    | Found a huge runed translucent gate.
 28724 | Elf:2    | Found a huge runed translucent gate.
 28724 | Elf:2    | Found a huge runed translucent gate.
 28725 | Elf:2    | Found a huge runed translucent gate.
 28827 | Elf:2    | Found a flickering gateway to a bazaar.
 28832 | Elf:2    | Identified the +0 buckler of Syndicalism {Dex+6 Slay-4}
 28837 | Bazaar   | Entered a bazaar
 28851 | Bazaar   | Found Qibee's Weapon Boutique.
 28855 | Bazaar   | Found Ajemotup's Distillery.
 28855 | Bazaar   | Found Xoheoro's Book Boutique.
 28856 | Bazaar   | Found Hunuacen's Antique Weapon Boutique.
 28866 | Bazaar   | Bought a potion of might for 28 gold pieces
 28866 | Bazaar   | Bought 2 potions of invisibility for 112 gold pieces
 28866 | Bazaar   | Bought a potion of mutation for 56 gold pieces
 28866 | Bazaar   | Bought a potion of mutation for 56 gold pieces
 28866 | Bazaar   | Bought a potion of magic for 56 gold pieces
 28866 | Bazaar   | Bought a potion of might for 28 gold pieces
 28866 | Bazaar   | Bought a potion of heal wounds for 35 gold pieces
 29611 | Elf:3    | Entered Level 3 of the Elven Halls
 29738 | Orc:2    | Bought a scroll of revelation for 112 gold pieces
 29944 | Lair:2   | Killed GordonOverkill's ghost
 30005 | Snake:1  | Entered Level 1 of the Snake Pit
 30028 | Snake:1  | Your ally Blodwig died
 30185 | Snake:1  | Reached XP level 17. HP: 125/125 MP: 26/26
 31231 | Snake:2  | Noticed Frances
 31241 | Snake:2  | Killed Frances
 31427 | Snake:2  | Identified the serpent talisman "Leziapid" {rC++ Int+2}
 31427 | Snake:2  | Noticed Aizul
 31503 | Snake:2  | Your ally Blodwig died
 31510 | Snake:2  | Killed Aizul
 31572 | Snake:2  | Identified the +12 hand axe of Cheibriados's Scorn {elec,
                  | Fly rElec Str+3}
 31632 | Snake:2  | Your ally Olfik died
 31709 | Snake:2  | Reached skill level 15 in Fighting
 31911 | Snake:2  | Identified the -1 pair of gloves of Gieguolla {Fly}
 31911 | Snake:2  | Noticed Nikola
 31935 | Snake:2  | Killed Nikola
 32146 | Snake:2  | Found a sparkling altar of Nemelex Xobeh.
 32758 | Snake:2  | HP: 4/127 [constriction (7)]
 33090 | Snake:3  | Identified the +11 war axe of Watchfulness {drain, rPois
                  | rN++ Str-4 Stlth+}
 33111 | Snake:3  | Anointed Jorge the warrior as your apostle
 33579 | Snake:3  | Reached XP level 18. HP: 135/135 MP: 27/27
 33695 | Snake:3  | Your ally Blodwig died
 33823 | Snake:4  | Entered Level 4 of the Snake Pit
 33928 | Snake:4  | Found a runed translucent gate.
 33928 | Snake:4  | Found a runed translucent gate.
 33928 | Snake:4  | Found a runed translucent gate.
 33930 | Snake:4  | Found an opulent altar of Gozag.
 33931 | Snake:4  | Found Wifron's Assorted Antiques.
 33931 | Snake:4  | Noticed Paylapli's ghost (adept GrEE)
 33974 | Snake:4  | Your ally Olfik died
 33988 | Snake:4  | Your ally Jorge died
 34004 | Snake:4  | HP: 3/135 [salamander tyrant/flame surge (18)]
 35231 | Snake:4  | Reached skill level 16 in Fighting
 35635 | Snake:4  | Got a serpentine rune of Zot
 36131 | Swamp:1  | Entered Level 1 of the Swamp
 36179 | Swamp:1  | Your ally Olfik died
 36753 | Swamp:2  | Noticed Louise
 36772 | Swamp:2  | Killed Louise
 36902 | Swamp:2  | Your ally Olfik died
 36918 | Swamp:2  | Your ally Jorge died
 36944 | Swamp:2  | Anointed Ortolf the wizard as your apostle
 37033 | Swamp:2  | Reached XP level 19. HP: 143/143 MP: 29/29
 37171 | Swamp:2  | Identified the +3 dagger "Cifexaime" {heavy, *Slow rF+
                  | Will+ Dex+3}
 37507 | Swamp:3  | Reached skill level 15 in Dodging
 37774 | Swamp:3  | Reached skill level 17 in Fighting
 37951 | Swamp:4  | Entered Level 4 of the Swamp
 38017 | Swamp:4  | Your ally Blodwig died
 38078 | Swamp:4  | Your ally Ortolf died
 38606 | Swamp:4  | Got a decaying rune of Zot
 38962 | D:15     | Killed Sacsyrch's ghost
 39096 | Vaults:1 | Entered Level 1 of the Vaults
 39201 | Vaults:1 | Learned a level 2 spell: Lesser Beckoning
 39209 | Vaults:1 | Learned a level 7 spell: Monstrous Menagerie
 39815 | Vaults:1 | Identified the staff of Honour {rN+ Str+6 Necro}
 39924 | Vaults:1 | Reached XP level 20. HP: 153/153 MP: 30/30
 39961 | Vaults:1 | Found Difilas's Assorted Antiques.
 39969 | Vaults:1 | Bought a scroll of blinking for 330 gold pieces
 40494 | Vaults:2 | Anointed Gorm the priest as your apostle
 40549 | Vaults:2 | Noticed Bai Suzhen
 40827 | Vaults:2 | Killed Bai Suzhen
 40828 | Vaults:2 | Reached skill level 18 in Fighting
 40829 | Vaults:2 | Your ally Jorge died
 41239 | Vaults:2 | Found a glowing golden altar of the Shining One.
 41418 | Vaults:2 | Identified a scroll of acquirement
 41419 | Vaults:2 | Acquired the +2 hat of the Bear Spirit {Spirit, Bear, *Rage
                  | Will++}
 41419 | Vaults:2 | Found the +2 hat of the Bear Spirit {Spirit, Bear, *Rage
                  | Will++}
 41571 | Vaults:2 | Learned a level 1 spell: Apportation
 41575 | Vaults:3 | Found Wosuhab's Book Boutique.
 41686 | Vaults:3 | Found a staircase to the Crypt.
 41707 | Vaults:3 | Found Neibb's Armour Emporium.
 42042 | Vaults:3 | You fall into a shaft and drop 1 floor!
 42192 | Vaults:4 | Your ally Jorge died
 42281 | Vaults:4 | Your ally Ortolf died
 42289 | Vaults:4 | Reached XP level 21. HP: 160/160 MP: 31/31
 42382 | Vaults:4 | Found a crumbling gateway.
 42480 | Vaults:4 | Your ally Gorm died
 42880 | Vaults:4 | Anointed Borgoth the priest as your apostle
 43154 | Vaults:4 | Reached skill level 19 in Fighting
 43554 | Vaults:3 | Reached skill level 15 in Shields
 43707 | Vaults:3 | Found Beruawis's Distillery.
 43716 | Vaults:3 | Bought a potion of curing for 54 gold pieces
 43716 | Vaults:3 | Bought a potion of curing for 54 gold pieces
 43716 | Vaults:3 | Bought 2 potions of haste for 360 gold pieces
 43716 | Vaults:3 | Bought a potion of curing for 54 gold pieces
 43809 | Vaults:3 | Found Ydyr's Jewellery Shop.
 43923 | Vaults:3 | Found Loukhik's Distillery.
 43931 | Vaults:3 | Bought a potion of cancellation for 88 gold pieces
 43931 | Vaults:3 | Bought a potion of curing for 33 gold pieces
 44046 | Vaults:3 | Your ally Borgoth died
 44053 | Vaults:3 | Your ally Gorm died
 44070 | Vaults:3 | Reached skill level 5 in Ice Magic
 44712 | Snake:4  | Killed Paylapli's ghost
 45254 | Elf:3    | Identified the +3 arbalest of Dithmenos, Holding {heavy,
                  | rC+}
 45265 | Elf:3    | Identified the +4 long sword of Infinite Pain {vamp, rC-
                  | Int+4}
 45403 | Elf:3    | Reached XP level 22. HP: 158/169 MP: 30/33
 45481 | Elf:3    | Identified the +0 cloak of Apathy {MP+9 Dex+3}
 45482 | Elf:3    | Identified the orb of Plasticity {mayhem, Int+5 Dex-2 SInv}
 45482 | Elf:3    | Identified the ring of Awe {Fly rN++ Will+ Dex-5}
 45786 | Elf:3    | Reached skill level 15 in Summonings
 46361 | Elf:3    | Got the Volume of Nigredo
 46362 | Elf:3    | Identified the +12 orcbow "Meale" {drain, rPois Dex+3}
 46453 | Elf:3    | Identified the +1 scale mail "Paschugro" {Str-5 Int+2 Dex+7
                  | Slay-6}
 47034 | Orc:2    | Bought the ring "Xaowyn" {Will- MP+9 Str+4 SInv} for 721
                  | gold pieces
 47038 | Orc:2    | Learned a level 3 spell: Ozocubu's Armour
 47258 | Depths:1 | Entered Level 1 of the Depths
 47403 | D:15     | Reached skill level 1 in Air Magic
 47591 | Depths:1 | Identified the +4 leather armour of Kikubaaqudgha's Whim
                  | {rPois MP-9 Dex+2}
 47626 | Depths:1 | Anointed Bogric the priest as your apostle
 47818 | Depths:1 | Reached skill level 20 in Fighting
 47834 | Depths:1 | Found a one-way gateway to a ziggurat.
 47887 | Depths:1 | Noticed a golden dragon
 47890 | Depths:1 | Found Gillasof's Antique Armour Shoppe.
 47914 | Depths:1 | Your ally Gorm died
 47920 | Depths:1 | Noticed a caustic shrike
 47927 | Depths:1 | Found Hinig's Antique Armour Shoppe.
 47932 | Depths:1 | Reached skill level 5 in Translocations
 47966 | Depths:1 | Found Qahapp's Weapon Shoppe.
 47970 | Depths:1 | Found Fiecotz's Weapon Shoppe.
 48004 | Depths:1 | Found Ischygaxo's CLEARANCE SALE!.
 48011 | Depths:1 | Bought a scroll of blinking for 30 gold pieces
 48011 | Depths:1 | Bought a potion of invisibility for 32 gold pieces
 48011 | Depths:1 | Bought a scroll of butterflies for 16 gold pieces
 48089 | Depths:1 | Found a runed translucent door.
 48358 | Depths:1 | Killed a caustic shrike
 48379 | Depths:1 | Killed a golden dragon
 48524 | Depths:2 | Your ally Gorm died
 48607 | Depths:2 | Found a one-way gate leading to the halls of Pandemonium.
 48863 | Depths:2 | Found a gateway to Hell.
 49074 | Depths:2 | Reached XP level 23. HP: 177/177 MP: 36/36
 49089 | Depths:2 | Noticed a golden dragon
 49107 | Depths:2 | Killed a golden dragon
 49297 | Depths:2 | Reached skill level 5 in Air Magic
 49432 | Depths:2 | Your ally Jorge died
 49438 | Depths:2 | Noticed a juggernaut
 49448 | Depths:2 | Killed a juggernaut
 49467 | Depths:2 | Your ally Gorm died
 49492 | Depths:2 | Identified the +8 quarterstaff "Cal Cufa" {drain, *Noise
                  | rElec rCorr SInv}
 49499 | Depths:2 | Gained mutation: You sometimes lose your temper in combat.
                  | [a shining eye]
 49503 | Depths:2 | Reached skill level 21 in Fighting
 49521 | Depths:2 | Your ally Bogric died
 49692 | Depths:2 | Identified the +1 chain mail of the Abyss {Int+5 Stlth+}
 49971 | Depths:2 | Found Saofyas's Jewellery Boutique.
 49971 | Depths:2 | Found Celosoy's Book Emporium.
 49971 | Depths:2 | You fall into a shaft and drop 1 floor!
 50012 | Depths:2 | Identified the +5 quarterstaff "Nosel" {heavy, Str+4}
 50070 | Depths:2 | Found Fouti's Jewellery Boutique.
 50330 | Depths:3 | Found Ygaethesa's One-of-a-Kind Rings.
 50867 | Depths:3 | Noticed a golden dragon
 50885 | Depths:3 | Killed a golden dragon
 50961 | Depths:3 | Noticed a golden dragon
 50974 | Depths:3 | Killed a golden dragon
 50975 | Depths:3 | Reached skill level 22 in Fighting
 51025 | Depths:3 | Learned a level 4 spell: Manifold Assault
 51264 | Depths:3 | Found a glowing golden altar of the Shining One.
 51264 | Depths:3 | Found a glowing silver altar of Zin.
 51264 | Depths:3 | Found a white marble altar of Elyvilon.
 51299 | Depths:3 | Identified the +5 mace of the Final Geomancers {freeze, rC+
                  | rCorr Int+2}
 51335 | Depths:3 | Anointed Olfrun the priest as your apostle
 51422 | Depths:4 | Entered Level 4 of the Depths
 51422 | Depths:4 | Noticed a golden dragon
 51430 | Depths:4 | Noticed a golden dragon
 51440 | Depths:4 | Killed a golden dragon
 51448 | Depths:4 | Killed a golden dragon
 51458 | Depths:4 | Noticed a golden dragon
 51522 | Depths:3 | Killed a golden dragon
 51736 | Depths:4 | Identified the orb of the Locust {*channel, rC- Str+3}
 51736 | Depths:4 | Noticed Frederick
 51744 | Depths:4 | Killed Frederick
 51836 | Depths:4 | Reached XP level 24. HP: 189/189 MP: 36/36
 51922 | Depths:4 | Identified the +1 great sword of the Fulmar {venom, Fly rF+
                  | Will- Dex+2}
 51924 | Depths:4 | Found a gate to the Realm of Zot.
 51999 | Depths:4 | Identified the +4 robe of True Grit {Regen+ Stlth+}
 51999 | Depths:4 | Noticed Boris
 52013 | Depths:4 | Killed Boris
 52359 | Depths:3 | Bought the ring "Osuof" {rF+ rN+ Will+} for 710 gold pieces
 53427 | Swamp:2  | Lost mutation: You sometimes lose your temper in combat.
                  | [potion of mutation]
 53427 | Swamp:2  | Gained mutation: One of your tentacles bears a spike.
                  | [potion of mutation]
 53427 | Swamp:2  | Gained mutation: You are occasionally teleported next to
                  | monsters. [potion of mutation]
 53427 | Swamp:2  | Gained mutation: Your flesh is cold resistant. (rC+)
                  | [potion of mutation]
 53428 | Swamp:2  | Lost mutation: Your flesh is cold resistant. (rC+) [potion
                  | of mutation]
 53428 | Swamp:2  | Lost mutation: You are occasionally teleported next to
                  | monsters. [potion of mutation]
 53428 | Swamp:2  | Lost mutation: One of your tentacles bears a spike. [potion
                  | of mutation]
 53428 | Swamp:2  | Gained mutation: You are weak. (Str -2) [potion of
                  | mutation]
 53428 | Swamp:2  | Gained mutation: You have a beak for a mouth. [potion of
                  | mutation]
 53540 | Slime:1  | Entered Level 1 of the Pits of Slime
 54078 | Slime:5  | Entered Level 5 of the Pits of Slime
 55052 | Slime:4  | Identified the +9 flail of Fylait {freeze, rPois rN+}
 55519 | Slime:5  | Paralysed by a formless jellyfish for 1 turns
 55529 | Slime:5  | Paralysed by a formless jellyfish for 1 turns
 55716 | Slime:5  | Found a viscous altar of Jiyva.
 55716 | Slime:5  | Noticed the Royal Jelly
 55737 | Slime:5  | Your ally Gorm died
 55737 | Slime:5  | Was placed under penance by Beogh
 55755 | Slime:5  | Killed the Royal Jelly
 56194 | Slime:5  | Found the +3 warlock's mirror {omnireflect}
 56217 | Slime:5  | Got a slimy rune of Zot
 56373 | Slime:5  | Reached skill level 1 in Shapeshifting
 56392 | Slime:5  | Identified the ring of Qovvunep {Ice rPois Will+++ Str-5
                  | Dex+4}
 56402 | Slime:5  | Got the Octavo of Blasphemous Spells and Causimancy
 56425 | Slime:5  | Identified the ring of Circularity {+Blink rElec rPois rF+}
 56443 | Slime:5  | Identified the +3 quarterstaff "Jeral" {flame, Str-3 Int+8
                  | SInv}
 56505 | Slime:5  | Identified the +4 mace "Transmigrator" {elec, Will+}
 56536 | Slime:5  | Identified the staff of Hagual {rPois rF+ rC+ rN++ Stlth-
                  | Fire}
 56540 | Slime:5  | Identified the +1 robe "Ogya" {Harm rN++ Str+2 Slay+2}
 57623 | Crypt:1  | Entered Level 1 of the Crypt
 57705 | Crypt:1  | Found the +1 eveningstar "Brilliance" {foul flame, Umbra}
 57769 | Crypt:1  | Identified the +4 robe "Paawk" {rF+ rC- Dex+2}
 57769 | Crypt:1  | Noticed Boris
 58013 | Crypt:1  | Reached XP level 25. HP: 65/184 MP: 12/36
 58356 | Crypt:1  | Noticed Xtahua
 58434 | Crypt:1  | Killed Xtahua
 58435 | Crypt:1  | Reached skill level 5 in Shapeshifting
 58463 | Crypt:1  | Was forgiven by Beogh
 58517 | Crypt:1  | Killed Boris
 59531 | Crypt:2  | Reached skill level 10 in Shapeshifting
 59563 | Crypt:2  | Found an ancient bone altar of Kikubaaqudgha.
 60271 | Crypt:3  | Entered Level 3 of the Crypt
 60287 | Crypt:3  | Reached skill level 10 in Evocations
 60373 | Crypt:3  | Found a staircase to the Tomb.
 60803 | Crypt:3  | Your ally Jorge died
 60847 | Crypt:3  | Acquired 1162 gold pieces
 61118 | Crypt:3  | Your ally Olfrun died
 61124 | Crypt:3  | Anointed Hawl the warrior as your apostle
 61422 | Crypt:3  | Reached skill level 15 in Polearms
 61903 | Crypt:3  | Noticed a dread lich
 61911 | Crypt:3  | Killed a dread lich
 62277 | Depths:1 | Bought the +3 hat of Pondering {ponderous, Will+ MP+10
                  | Int+5} for 1181 gold pieces
 62277 | Depths:1 | Found the +3 hat of Pondering {ponderous, Will+ MP+10
                  | Int+5}
 62584 | Vaults:3 | Bought a potion of cancellation for 88 gold pieces
 62584 | Vaults:3 | Bought a potion of mutation for 88 gold pieces
 62584 | Vaults:3 | Bought a potion of resistance for 110 gold pieces
 62615 | Vaults:3 | Bought a potion of resistance for 180 gold pieces
 62615 | Vaults:3 | Bought a potion of mutation for 144 gold pieces
 62880 | Orc:2    | Bought a potion of mutation for 264 gold pieces
 62880 | Orc:2    | Bought a wand of digging (4) for 554 gold pieces
 63171 | Depths:3 | Bought the ring of Vyedo {Will+ Slay+5} for 901 gold pieces
 63210 | Zot:1    | Entered Level 1 of the Realm of Zot
 63399 | Zot:1    | Reached XP level 26. HP: 201/201 MP: 36/36
 63452 | Zot:1    | Found a transporter.
 63506 | Zot:1    | Your ally Gorm died
 63541 | Zot:1    | Your ally Hawl died
 63653 | Zot:1    | Your ally Jorge died
 64337 | Zot:1    | Found a transporter.
 64338 | Zot:1    | Found a transporter.
 64428 | Zot:1    | Found a transporter.
 64527 | Zot:1    | You fall into a shaft and drop 1 floor!
 64594 | Zot:2    | Noticed an orb of fire
 64608 | Zot:2    | Gained mutation: You are occasionally teleported next to
                  | monsters. [an orb of fire]
 64612 | Zot:2    | Killed an orb of fire
 64731 | Zot:2    | Lost mutation: You are occasionally teleported next to
                  | monsters. [potion of mutation]
 64731 | Zot:2    | Lost mutation: You have a beak for a mouth. [potion of
                  | mutation]
 64731 | Zot:2    | Lost mutation: You are weak. (Str -2) [potion of mutation]
 64731 | Zot:2    | Gained mutation: Your mind is acute. (Int +4, Str/Dex -1)
                  | [potion of mutation]
 64965 | Zot:1    | Noticed an orb of fire
 65094 | Zot:2    | Found a transporter.
 65103 | Zot:2    | Noticed an ancient lich
 65104 | Zot:2    | Noticed Uqizxu's ghost (master OnFi)
 65151 | Zot:3    | Your ally Jorge died
 65488 | Abyss:4  | Cast into level 4 of the Abyss (black draconian knight)
 65501 | Zot:3    | Escaped the Abyss
 65646 | Zot:4    | Reached skill level 15 in Shapeshifting
 65673 | Zot:4    | Your ally Hawl died
 65677 | Zot:4    | Your ally Jorge died
 65863 | Zot:5    | Entered Level 5 of the Realm of Zot
 65869 | Zot:5    | Gained mutation: You are vulnerable to heat. (rF-)
                  | [mutagenic glow]
 65885 | Zot:5    | Gained mutation: You sometimes lose your temper in combat.
                  | [mutagenic glow]
 65918 | Zot:5    | Gained mutation: One of your tentacles bears a spike.
                  | [mutagenic glow]
 66046 | Zot:5    | Lost mutation: You sometimes lose your temper in combat.
                  | [potion of mutation]
 66046 | Zot:5    | Lost mutation: You are vulnerable to heat. (rF-) [potion of
                  | mutation]
 66046 | Zot:5    | Lost mutation: One of your tentacles bears a spike. [potion
                  | of mutation]
 66046 | Zot:5    | Gained mutation: You are clumsy. (Dex -2) [potion of
                  | mutation]
 66046 | Zot:5    | Gained mutation: You are strong-willed. (Will+) [potion of
                  | mutation]
 66198 | Zot:5    | Found a glowing golden altar of the Shining One.
 66284 | Zot:5    | Found a glowing golden altar of the Shining One.
 66434 | Zot:5    | Reached XP level 27. HP: 207/207 MP: 36/36
 66447 | Zot:5    | Learned a level 5 spell: Summon Forest
 66953 | Zot:5    | Noticed an orb of fire
 66964 | Zot:5    | Killed an orb of fire
 66964 | Zot:5    | Noticed an orb of fire
 66968 | Zot:5    | Gained mutation: You occasionally lose the ability to drink
                  | potions when taking damage. [an orb of fire]
 66969 | Zot:5    | Killed an orb of fire
 66971 | Zot:5    | Noticed an orb of fire
 66975 | Zot:5    | Gained mutation: You sometimes lose the ability to drink
                  | potions when taking damage. [an orb of fire]
 66978 | Zot:5    | Killed an orb of fire
 66978 | Zot:5    | Noticed an orb of fire
 66980 | Zot:5    | Gained mutation: You are occasionally teleported next to
                  | monsters. [an orb of fire]
 66984 | Zot:5    | Killed an orb of fire
 67018 | Zot:5    | Lost mutation: You sometimes lose the ability to drink
                  | potions when taking damage. [potion of mutation]
 67018 | Zot:5    | Lost mutation: Your mind is acute. (Int +4, Str/Dex -1)
                  | [potion of mutation]
 67018 | Zot:5    | Lost mutation: You are clumsy. (Dex -2) [potion of
                  | mutation]
 67018 | Zot:5    | Gained mutation: You occasionally shout uncontrollably at
                  | your foes. [potion of mutation]
 67018 | Zot:5    | Gained mutation: You are partially covered in iridescent
                  | scales. (AC +2) [potion of mutation]
 67019 | Zot:5    | Lost mutation: You are strong-willed. (Will+) [potion of
                  | mutation]
 67019 | Zot:5    | Lost mutation: You occasionally lose the ability to drink
                  | potions when taking damage. [potion of mutation]
 67019 | Zot:5    | Gained mutation: Your mind is acute. (Int +4, Str/Dex -1)
                  | [potion of mutation]
 67019 | Zot:5    | Gained mutation: Your muscles are strong. (Str +4, Int/Dex
                  | -1) [potion of mutation]
 67020 | Zot:5    | Lost mutation: You are occasionally teleported next to
                  | monsters. [potion of mutation]
 67020 | Zot:5    | Lost mutation: Your mind is acute. (Int +4, Str/Dex -1)
                  | [potion of mutation]
 67020 | Zot:5    | Lost mutation: You are partially covered in iridescent
                  | scales. (AC +2) [potion of mutation]
 67020 | Zot:5    | Gained mutation: One of your tentacles bears a spike.
                  | [potion of mutation]
 67325 | Zot:5    | Noticed an ancient lich
 67326 | Zot:5    | Your ally Gorm died
 67328 | Zot:5    | Noticed a dread lich
 67330 | Zot:5    | Killed an ancient lich
 67333 | Zot:5    | Killed a dread lich
 67380 | Zot:5    | Noticed an orb of fire
 67382 | Zot:5    | Gained mutation: You are clumsy. (Dex -2) [an orb of fire]
 67385 | Zot:5    | Killed an orb of fire
 67386 | Zot:5    | Noticed an orb of fire
 67386 | Zot:5    | Gained mutation: You are very clumsy. (Dex -4) [an orb of
                  | fire]
 67394 | Zot:5    | Noticed a dread lich
 67401 | Zot:5    | Gained mutation: You are frail. (-10% HP) [an orb of fire]
 67405 | Zot:5    | Killed an orb of fire
 67408 | Zot:5    | Killed a dread lich
 67435 | Zot:5    | Noticed an orb of fire
 67459 | Zot:5    | Your ally Hawl died
 67459 | Zot:5    | Your ally Jorge died
 67460 | Zot:5    | Killed an orb of fire
 67583 | Zot:5    | Identified the +1 hand axe of Sutaot Raggo {elec, Int+2}
 67767 | Zot:5    | Found a glowing golden altar of the Shining One.
 67881 | Zot:5    | Found a glowing golden altar of the Shining One.
 68342 | Zot:5    | Lost mutation: You are frail. (-10% HP) [potion of
                  | mutation]
 68342 | Zot:5    | Lost mutation: Your muscles are strong. (Str +4, Int/Dex
                  | -1) [potion of mutation]
 68342 | Zot:5    | Lost mutation: One of your tentacles bears a spike. [potion
                  | of mutation]
 68342 | Zot:5    | Gained mutation: Your skin blends seamlessly with your
                  | surroundings (Stealth++). [potion of mutation]
 68342 | Zot:5    | Gained mutation: You occasionally lose the ability to read
                  | scrolls when taking damage. [potion of mutation]
 68343 | Zot:5    | Lost mutation: You occasionally shout uncontrollably at
                  | your foes. [potion of mutation]
 68343 | Zot:5    | Lost mutation: You are very clumsy. (Dex -4) [potion of
                  | mutation]
 68343 | Zot:5    | Gained mutation: You are vulnerable to cold. (rC-) [potion
                  | of mutation]
 68343 | Zot:5    | Gained mutation: You are partially covered in iridescent
                  | scales. (AC +2) [potion of mutation]
 68344 | Zot:5    | Lost mutation: You are partially covered in iridescent
                  | scales. (AC +2) [potion of mutation]
 68344 | Zot:5    | Lost mutation: You are vulnerable to cold. (rC-) [potion of
                  | mutation]
 68344 | Zot:5    | Gained mutation: You are robust. (+10% HP) [potion of
                  | mutation]
 68372 | Zot:5    | Got the Orb of Zot
 68466 | Zot:2    | Gained mutation: You are partially covered in iridescent
                  | scales. (AC +2) [a cacodemon]
 68469 | Zot:2    | Noticed Calu's ghost (legendary KoHu)
 69004 | D:$      | Escaped with the Orb!

Illustrated notes

Levels and vault maps discovered:
D:1:      lightli_arrival_lavapool, layout_loops_ring, chequers_decorated_corner
D:2:      layout_loops_ring, uniq_sigmund
D:3:      layout_loops_ring
D:4:      layout_loops_ring, chequers_serial_rivers_micro_b, uniq_robin
D:5:      layout_layer_cave, minmay_temple_entry_arrows,
          nicolae_ossuary_entry_giza
D:6:      layout_rooms, serial_library, serial_library_hellmonk_double_dead_end,
          serial_library_hellmonk_small_alcove,
          serial_library_hellmonk_open_square,
          serial_library_regret_index_double_sided,
          serial_library_regret_index_split_case,
          serial_library_hellmonk_big_corner, serial_library_hellmonk_room_a,
          serial_library_hellmonk_metal_room,
          serial_library_hellmonk_angled_corner,
          serial_library_hellmonk_reading_circle,
          serial_library_hellmonk_hallway_b, uniq_duvessa, uniq_edmund,
          uniq_maggie
D:7:      layout_rooms, uniq_joseph, uniq_jeremiah
D:8:      due_chaos_kobolds, layout_basic, kennysheep_mini_moat,
          jmf_multi_god_temple2, grunt_decor_junction, hex_intersection,
          uniq_grum
D:9:      layout_small_grid, mainiacjoe_overflow_surrounded_room, orc_0_dummy,
          enter_bailey_3, grunt_ministairs_14
D:10:     layout_basic, mainiacjoe_overflow_paths,
          nicolae_overflow_hidden_temple, uniq_fannar
D:11:     layout_gridville, minmay_lair_entry_grove, serial_shops,
          nicolae_stop_n_shop_1
D:12:     layout_long_grid, st_stairs_4
D:13:     layout_basic, david_vaults_1, uniq_kirke, uniq_nessos
D:14:     layout_loops_ring, corexii_hall_statues_u, minmay_beelzebubs_servants
D:15:     grunt_enter_depths_giant_problem, layout_small_grid,
          gammafunk_ghost_fury_of_okawaru, nicolae_eternal_life
Lair:1:   layout_roguey, uniq_urug
Lair:2:   layout_cave_pods, guppyfry_snake_entry_island, gammafunk_ghost_ooze,
          minmay_hedge_maze, grunt_megastairs_3, uniq_amaemon
Lair:3:   layout_roguey, palyth_hydra_swamp_entry
Lair:4:   layout_regular_city, lemuel_fruit_tree, grunt_megastairs_1,
          infiniplex_staircase_pool_2
Lair:5:   minmay_lair_end_enchanted_forest, layout_gridlike,
          minmay_slime_entry_jelly_boxes, cheibrodos_lair_lostbears, uniq_snorg
Swamp:1:  layout_falls_marsh, evilmike_swamp_ruin_house_1, swamp_pool_3
Swamp:2:  layout_basic_swamp, evilmike_swamp_ruin_rubble_1, uniq_louise
Swamp:3:  cheibrodos_swamp_tower_of_moss, layout_basic_swamp,
          nicolae_swamp_fairy_circle, nicolae_swamp_decorative_isthmus
Swamp:4:  swamp_alternative, layout_basic_swamp, swamp_pool_1_2,
          beargit_elvish_explorers
Snake:1:  layout_onion, serial_bayou_pond_e
Snake:2:  nicolae_snake_hallway, layout_cave_pods, basic_altar, uniq_aizul,
          uniq_nikola, uniq_frances
Snake:3:  layout_onion_interference, st_stairs_5, nicolae_snake_bzzzt
Snake:4:  snake_pit, layout_gridlike, ebering_ghost_gozag
Slime:1:  layout_caves, cheibrodos_slime_lost_civilization_6
Slime:2:  layout_caves
Slime:3:  layout_caves
Slime:4:  layout_caves
Slime:5:  slime_pit_nicolae_block_by_block
Orc:1:    layout_diamond_mine
Orc:2:    st_orc_rangers, layout_caves, serial_shops, shop,
          gauntlet_entry_generic
Elf:1:    nicolae_elf_arrival_aired_out, layout_gridlike,
          hangedman_elf_disciples, drop_trap
Elf:2:    elven_hall_of_blades_hangedman_alternative
          [nicolae_blade_little_rooms], layout_gridlike, serial_shops,
          freezing_bzr
Elf:3:    grunt_elf_hall_spiral, layout_geoelf_octagon
Vaults:1: v_misc_29, nicolae_vaults_offset_grid_hallway_3, v_rooms_5,
          nicolae_vaults_more_shelving_1, nicolae_vaults_security_offices_3,
          nicolae_vaults_two_Ls, layout_vaults_omnigrid, serial_shops, shop
Vaults:2: hangedman_vaults_trim, v_misc_31, nicolae_vaults_network_periphery,
          grunt_vaults_focal, nicolae_vaults_hexular_roomagon,
          nicolae_vaults_doubleplus_tesselated, nicolae_vaults_theta,
          nicolae_vaults_an_arrangement, lemuel_angel_altar, vaults_mumra_hex,
          hangedman_vaults_cutoff, ontoclasm_vaults_tryst,
          nicolae_vaults_circle_grid_b, vaults_room_semicircle,
          nicolae_vaults_trapezoid_1, layout_vaults_omnibox, uniq_bai_suzhen
Vaults:3: vaults_room_boxed, nicolae_vaults_layer_cake_slice, v_misc_8,
          nicolae_vaults_diagonal_hallway_7,
          nicolae_vaults_trapezoid_lopsided_2,
          minmay_crypt_entry_simple_statues, nicolae_vaults_tetromino_T_2,
          nicolae_vaults_what_the_h, nicolae_vaults_yaktaur_gun_rack,
          nicolae_vaults_mini_display_case, vaults_dpeg_ring,
          nicolae_vaults_border_crossing, nicolae_vaults_diamond_2,
          minmay_orc_keep, layout_vaults_omnicross, serial_shops,
          nicolae_shop_gaudy_bauble, shop, nicolae_shop_industrial_runoff,
          nicolae_shop_mannequins, shop_statue
Vaults:4: portal_desolation_entry_garden, vaults_room_fancy_cross,
          ontoclasm_vaults_eye, vaults_mumra_minichess_inversion, v_misc_10,
          hangedman_vaults_stagger, nicolae_vaults_cornered_office,
          hangedman_vaults_river_flow, nicolae_vaults_little_squares_3,
          nicolae_vaults_c_with_doors, nicolae_vaults_house_3,
          grunt_vaults_diagonal, nicolae_vaults_cochlea,
          hangedman_vaults_impose, layout_vaults_maze_bifur
Crypt:1:  layout_misc_corridors, grunt_crypt_arrival_split, uniq_xtahua
Crypt:2:  cheibrodos_crypt_down_in_the_bonehoard, layout_basic,
          grunt_megastairs_2
Crypt:3:  due_elkab, layout_chaotic_city
Depths:1: layout_cave_pools, enter_ziggurat_f, moated_statue, hellmouth_1,
          minmay_shop_grid_forest, minmay_misc_feat_columns, minmay_st_funbox,
          nicolae_shop_clearance
Depths:2: minmay_the_grid_octo_tiled_octocenter [minmay_the_grid_octo_chip,
          minmay_the_grid_octo_pinwheel, minmay_the_grid_octo_empty,
          minmay_the_grid_octo_clover, minmay_the_grid_octo_prize_star,
          minmay_the_grid_square_5x5_fat_x, minmay_the_grid_square_5x5_six,
          minmay_the_grid_square_5x5_minibox,
          minmay_the_grid_square_5x5_corner], layout_honeycomb,
          grunt_mini_vestibule, pan_entry, infiniplex_staircase_zigzag_4,
          firewood_loft, minmay_shop_grove
Depths:3: minmay_sliced_demisemicircle, layout_cave_pools,
          minmay_misc_feat_pillars, pf_coc_iceberg, hangedman_abyss_entry_splay,
          rand_demon_pan_entry_3, nicolae_shop_unique_rings, hallowed_hall,
          serial_bayou_shore_b
Depths:4: evilmike_zot_entry_diamond, layout_cave_pools, hell_entry,
          minivault_11, grunt_pan_entry_sceptre, uniq_frederick, uniq_boris
Zot:1:    cheibrodos_frozen_isle, layout_cellular_growth,
          nicolae_diode_quadrants
Zot:2:    layout_basic, nzn_ghost_randoct
Zot:3:    layout_gridlike, grunt_megastairs_4
Zot:4:    layout_concentric_octagons
Zot:5:    layout_misc_corridors, st_stairs_1, hangedman_feature_mirror

Skill      XL: |  1  2  3  4  5  6  7  8  9 10 11 12 13 14 15 16 17 18 19 20 21 22 23 24 25 26 27 |
---------------+----------------------------------------------------------------------------------+-----
Fighting       | 1 2 4 6 8 10 12 13 14 15 16 17 18 19 20 22 | 22.0
Dodging        | 2 3 4 5 6 8 9 10 12 14 17 18 19 20 21 | 21.0
Summonings     | 1 2 4 5 7 8 12 13 14 16 17 | 17.0
Spellcasting   | 2 3 5 6 7 9 |  9.0
Conjurations   | 1 |  1.0
Evocations     | 3 5 6 9 12 | 12.0
Maces & Flails | 1 3 |  3.4
Ice Magic      | 4 6 |  6.0
Polearms       | 6 9 12 13 15 20 | 20.4
Invocations    | 2 5 6 9 |  9.7
Shields        | 5 7 11 12 13 14 15 | 15.0
Hexes          | 1 5 6 |  6.0
Air Magic      | 4 5 |  5.0
Translocations | 5 6 9 |  9.0
Shapeshifting  | 4 10 16 | 16.0
Axes           | |  0.1
Stealth        | |  2.6

Action                     |  1- 3 |  4- 6 |  7- 9 | 10-12 | 13-15 | 16-18 | 19-21 | 22-24 | 25-27 || total
---------------------------+-------+-------+-------+-------+-------+-------+-------+-------+-------++-------
  Melee: Dagger            |    64 |   106 |       |       |       |       |       |       |       ||   170
         Constrict         |    17 |    34 |    52 |    48 |    87 |   104 |   122 |   138 |   187 ||   789
         Tentacles         |     9 |    29 |    54 |    78 |   174 |   213 |   372 |   607 |   601 ||  2137
         Whip              |       |    16 |   158 |       |       |       |       |       |       ||   174
         Flail             |       |       |    37 |       |       |       |       |       |       ||    37
         Trident           |       |       |       |   356 |       |       |       |       |       ||   356
         Demon trident     |       |       |       |    68 |   807 |  1083 |  1248 |  1739 |  1431 ||  6376
         Peck              |       |       |       |       |       |       |       |   272 |   338 ||   610
         Maw               |       |       |       |       |       |       |       |       |   292 ||   292
         Kick              |       |       |       |       |       |       |       |       |    48 ||    48
  Throw: Boomerang         |       |     3 |       |       |       |       |       |       |       ||     3
         Dart              |       |       |     1 |       |       |       |       |       |       ||     1
         Throwing net      |       |       |     1 |     2 |       |       |       |       |     1 ||     4
   Cast: Call Canine Famil |       |     5 |    21 |    34 |    27 |    21 |     7 |       |       ||   115
         Summon Small Mamm |       |     2 |    17 |       |       |       |       |       |       ||    19
         Summon Ice Beast  |       |       |     2 |    38 |    31 |    22 |     6 |     4 |     1 ||   104
         Summon Mana Viper |       |       |       |       |       |    18 |     7 |    13 |    16 ||    54
         Ozocubu's Armour  |       |       |       |       |       |       |       |     2 |     1 ||     3
         Monstrous Menager |       |       |       |       |       |       |       |     2 |    18 ||    20
         Blink             |       |       |       |       |       |       |       |     1 |     1 ||     2
         Summon Forest     |       |       |       |       |       |       |       |       |     1 ||     1
         Vhi's Electric Ch |       |       |       |       |       |       |       |       |     1 ||     1
 Invoke: Convert to Beogh  |       |     1 |       |       |       |       |       |       |       ||     1
         Recall Apostles   |       |       |       |    18 |    18 |     7 |    11 |    16 |    13 ||    83
         Recruit Apostle   |       |       |       |     2 |     2 |     2 |     2 |     2 |     1 ||    11
         Dismiss Apostle   |       |       |       |       |     1 |     2 |     2 |     2 |     1 ||     8
         Blood for Blood   |       |       |       |       |     1 |     2 |     2 |       |     2 ||     7
         Smiting           |       |       |       |       |       |     2 |       |       |     1 ||     3
  Evoke: Wand              |       |     2 |    27 |    24 |     4 |     9 |     2 |    12 |    16 ||    96
         Box of beasts     |       |       |       |       |     1 |     1 |       |     1 |       ||     3
         Phial of floods   |       |       |       |       |     1 |       |       |       |     1 ||     2
         Lightning rod     |       |       |       |       |       |       |       |     4 |       ||     4
    Use: Scroll            |     1 |       |    17 |     7 |     9 |    16 |     8 |    13 |    15 ||    86
         Potion            |       |     1 |     6 |     3 |     1 |     7 |     1 |     7 |    17 ||    43
   Stab: Sleeping          |    12 |     5 |    20 |     8 |     8 |    28 |    14 |    23 |    13 ||   131
         Distracted        |     1 |       |       |     2 |    12 |    22 |    35 |    36 |    52 ||   160
         Invisible         |       |       |     1 |     1 |       |     3 |       |       |    29 ||    34
         Held in net/web   |       |       |       |     3 |       |       |       |       |     3 ||     6
         Confused          |       |       |       |       |     2 |     1 |     2 |       |       ||     5
 Armour: Skin              |    24 |    42 |    83 |   134 |   192 |   226 |   130 |   201 |   291 ||  1323
  Dodge: Dodged            |    32 |    87 |   131 |   203 |   385 |   429 |   503 |   688 |   874 ||  3332
  Block: Buckler           |       |       |       |       |    84 |     4 |       |       |       ||    88
         Kite shield       |       |       |       |       |       |   623 |   775 |   970 |  1025 ||  3393
   Form: Maw               |       |       |       |       |       |       |       |       |     1 ||     1
         Statue            |       |       |       |       |       |       |       |       |     1 ||     1

Table legend: (Time is in decaauts)
 A = Elapsed time spent in this place.
 B = Non-inter-level travel time spent in this place.
 C = Inter-level travel time spent in this place.
 D = Time resting spent in this place.
 E = Time spent auto-exploring this place.
 F = Levels seen in this place.
 G = Mean time per level.
                   A        B        C        D        E       F      G
               +--------+--------+--------+--------+--------+-----+--------+
         Total |  69711 |  61992 |   7719 |  16520 |  28454 |  59 | 1181.5 |
       Dungeon |  19758 |  16962 |   2796 |   5264 |   7654 |  15 | 1317.2 |
          Lair |   6962 |   6223 |    739 |   1118 |   3923 |   5 | 1392.4 |
         Swamp |   2552 |   2377 |    175 |    270 |   1479 |   4 |  638.0 |
     Snake Pit |   6145 |   5679 |    466 |   2050 |   2231 |   4 | 1536.2 |
    Slime Pits |   3671 |   3428 |    243 |   1657 |    698 |   5 |  734.2 |
  Orcish Mines |   1693 |    948 |    745 |      2 |    675 |   2 |  846.5 |
   Elven Halls |   4533 |   4126 |    407 |   1156 |   1598 |   3 | 1511.0 |
        Vaults |   5625 |   5022 |    603 |    245 |   3373 |   4 | 1406.2 |
         Crypt |   4436 |   4065 |    371 |    652 |   2128 |   3 | 1478.7 |
        Depths |   5278 |   4623 |    655 |    650 |   2418 |   4 | 1319.5 |
           Zot |   6812 |   6300 |    512 |   2324 |   1963 |   5 | 1362.4 |
         Abyss |     20 |     20 |      0 |      0 |      0 |   1 |   20.0 |
        Bazaar |     58 |     58 |      0 |     12 |     25 |   1 |   58.0 |
       Ossuary |    938 |    938 |      0 |    486 |    126 |   1 |  938.0 |
        Bailey |    779 |    779 |      0 |    493 |     35 |   1 |  779.0 |
      Gauntlet |    445 |    445 |      0 |    137 |    126 |   1 |  445.0 |
               +--------+--------+--------+--------+--------+-----+--------+

Top non-repeatable levels by time:
   Zot:5: 3809 daAuts
 Slime:5: 2863 daAuts
 Snake:2: 2031 daAuts
    D:14: 1965 daAuts
  Lair:5: 1846 daAuts
   Elf:3: 1801 daAuts
Depths:2: 1800 daAuts
    D:15: 1786 daAuts
 Crypt:3: 1751 daAuts
 Snake:4: 1692 daAuts
     D:3: 1672 daAuts
     D:8: 1664 daAuts
Depths:3: 1621 daAuts
     D:6: 1613 daAuts
   Zot:1: 1607 daAuts
